Map: Divergence LE

Players

Massa

  • Race: Terran Terran
  • League: Gold
  • Spawn Location: 11:00

qqq

  • Race: Protoss Protoss
  • Spawn Location: 11:00

Empress - Winner!

  • Race: Protoss Protoss
  • Spawn Location: 5:00

Vajf - Winner!

  • Race: Zerg Zerg
  • Spawn Location: 5:00

VOD

Have the link to the VOD?

Description

Time

  • Played on: June 29, 2020, 2:45 p.m.
  • Length: 5:19
Show
View Real Time Build Order
Export as new Build Order

Massa Terran 

Build Orders:  

Get SALT Encoding   

  12  0:02  SCV  
  13  0:13  Supply Depot  
  13  0:18  SCV  
  14  0:30  SCV  
  15  0:39  Barracks  
  15  0:43  SCV  
  16  0:55  Barracks  
  16  0:57  SCV  
  17  1:09  SCV  
  18  1:16  Refinery  
  18  1:21  SCV  
  19  1:28  Marine  
  19  1:29  Supply Depot  
  20  1:33  SCV  
  21  1:42  Marine  
  21  1:45  SCV  
  23  1:50  Marine  
  24  2:00  Marine  
  25  2:07  Orbital Command  
  25  2:18  Marine  
  26  2:31  Marine, Command Center  
  26  2:36  SCV, Marine  
  29  2:48  SCV  
  30  2:53  Marine  
  31  3:05  Supply Depot  
  31  3:12  Barracks  
  31  3:17  Factory  
  31  3:21  Barracks Tech Lab  
  31  3:26  SCV, Marine  
  33  3:28  Supply Depot  
  33  3:38  SCV  
  34  3:41  Bunker  
  27  4:06  Factory Tech Lab  
  27  4:08  Barracks Tech Lab  
  27  4:11  Marauder  
  27  4:13  Barracks  
  29  4:21  SCV  
  30  4:28  Marauder  
  32  4:32  Marauder  
  32  4:33  SCV  
  38  4:38  Siege Tank  
  38  4:45  SCV  
  38  4:49  Marauder  
  38  4:57  SCV  
Show
View Real Time Build Order
Export as new Build Order

qqq Protoss 

Build Orders: 1 Gate Expand 

Get SALT Encoding   

  12  0:03  Probe  
  13  0:15  Pylon  
  13  0:18  Probe  
  15  0:35  Probe  
  15  0:36  Gateway  
  15  0:47  Probe  
  16  1:13  Nexus  
  16  1:17  Probe  
  17  1:24  Cybernetics Core  
  17  1:28  Assimilator  
  17  1:38  Forge  
  17  1:53  Pylon  
  17  2:00  Probe, Assimilator  
  18  2:13  Probe  
  19  2:25  Probe  
  19  2:28  Probe  
  21  2:33  Photon Cannon  
  21  2:37  Probe  
  21  2:40  Probe  
  23  2:47  Photon Cannon  
  23  2:49  Probe  
  24  2:53  Pylon  
  24  2:58  Probe  
  25  3:01  Probe  
  25  3:04  Assimilator  
  26  3:11  Stargate  
  26  3:16  Probe  
  27  3:28  Probe, Stargate  
  27  3:32  Pylon  
  28  3:40  Probe  
  29  3:53  Probe  
  30  4:05  Probe, Phoenix  
  30  4:08  Pylon  
  33  4:17  Probe  
  33  4:20  Phoenix  
  36  4:29  Probe  
  37  4:37  Phoenix  
  35  4:41  Probe  
  35  4:42  Photon Cannon  
  34  4:50  Photon Cannon  
  34  5:03  Photon Cannon  
Show
View Real Time Build Order
Export as new Build Order

Empress Protoss - Winner!

Build Orders: Blink Stalkers 

Get SALT Encoding   

  12  0:01  Probe  
  13  0:13  Probe  
  14  0:18  Pylon  
  14  0:25  Probe  
  15  0:33  Probe  
  15  0:41  Probe  
  16  0:47  Gateway  
  17  0:50  Assimilator  
  17  0:51  Probe  
  17  0:57  Assimilator  
  18  1:01  Probe  
  19  1:09  Probe  
  19  1:18  Probe, Pylon  
  21  1:30  Probe  
  22  1:35  Cybernetics Core  
  22  1:42  Probe  
  23  1:54  Probe  
  23  1:59  Pylon  
  24  2:01  Warp Gate  
  24  2:06  Probe  
  25  2:15  Twilight Council  
  25  2:18  Probe  
  25  2:19  Stalker  
  28  2:30  Probe  
  28  2:32  Blink  
  28  2:36  Gateway  
  29  2:42  Gateway  
  29  2:54  Stalker  
  31  3:13  Gateway  
  31  3:26  Pylon  
  31  3:27  Stalker x2  
  35  4:11  Stalker x4  
  43  4:18  Pylon  
  43  4:23  Probe  
  44  4:36  Stalker x4  
  52  4:59  Stalker  
Show
View Real Time Build Order
Export as new Build Order

Vajf Zerg - Winner!

Build Orders: Hatch First 

Get SALT Encoding   

  12  0:03  Drone  
  13  0:12  Overlord  
  13  0:17  Drone  
  14  0:31  Drone x2  
  16  0:35  Drone  
  17  0:48  Drone  
  18  0:58  Drone  
  18  1:01  Hatchery  
  18  1:09  Drone  
  19  1:17  Spawning Pool  
  19  1:18  Drone  
  19  1:22  Extractor  
  18  1:31  Drone  
  19  1:40  Overlord  
  19  1:52  Drone  
  20  2:04  Zergling x2  
  21  2:08  Queen  
  21  2:13  Queen  
  21  2:15  Drone  
  26  2:19  Zergling x2  
  27  2:25  Zergling x4  
  29  2:30  Metabolic Boost  
  29  2:40  Zergling x4  
  31  2:45  Overlord  
  31  2:46  Zergling x2  
  32  2:59  Overlord  
  32  3:00  Zergling x2  
  33  3:08  Zergling x4  
  35  3:25  Zergling x8  
  35  3:26  Zergling x8  
  43  3:40  Queen  
  47  3:46  Extractor  
  42  4:04  Zergling x6  
  42  4:05  Zergling x10  
  50  4:14  Hatchery  
  50  4:15  Lair  
  50  4:16  Zergling x2  
  50  4:38  Zergling x12  
  49  4:59  Zergling x10  
  51  5:01  Overlord  
  49  5:16  Spore Crawler  
Tags
 
Add a new tag
Caveats
  • Supply blocks, unpowered buildings, or Contaminate may cause inaccurate times.
  • Supply counts are checked every 10 seconds.